Description

Mass Carriers

Build Order

Why is there no SALT encoding or Overwolf build?

    0:18  Pylon  
    0:37  Gateway  chrono in nexus
    0:47  Assimilator  
    1:23  Nexus  
    1:36  Cybernetics Core  
    1:44  Assimilator  
    1:50  Pylon  
    2:13  Adept  chrono in nexus; in gateway
    2:20  Stargate  
    2:33  Adept  
    2:34  Warp Gate  chrono in nexus
    2:50  Assimilator x2  
    3:10  Void Ray  chrono in stargate
    3:18  Pylon  
    3:35  Shield Battery  chrono in nexus
    3:50  Stargate  
    3:51  Fleet Beacon  
    4:10  Pylon x2  
    4:17  Protoss Air Weapons Level 1  
    4:30  Pylon  at 3 nexus
    4:40  Carrier x2  
    4:52  Nexus  2 chrono in Stargate's
    5:00  Adept  
    5:05  Twilight Council  
    5:14  Pylon x2  
Spawning Tool Build Advisor. Get it on Overwolf

Go to:

Details

  • Created by: slava1231
  • Published on: Oct 03, 2020
  • Modified on: Oct 03, 2020
  • Patch: 4.11.0
  • Difficulty: Hard
Show

Export as new Build Order

Comments (1)

On May 8, 2021, 9:17 p.m., MrBungle  said:

No supply count?

Create an account to comment!